 Dungeon Crawl Stone Soup version 0.22-a0-247-gbddf880 (webtiles) character file.

2821 MatthieuS the Skirmisher (level 9, 0/79 HPs)
             Began as a Centaur Monk on Feb 27, 2018.
             Was a Believer of Okawaru.
             Succumbed to a killer bee's poison
             ... on level 7 of the Dungeon.
             The game lasted 00:29:23 (9891 turns).

MatthieuS the Skirmisher (Centaur Monk)             Turns: 9891, Time: 00:29:23

Health: 0/79       AC:  7    Str: 14    XL:     9   Next: 45%
Magic:  15/15      EV: 11    Int:  9    God:    Okawaru [**....]
Gold:   288        SH:  0    Dex: 15    Spells: 16/16 levels left

rFire    . . .     SeeInvis .   w - +0 shortbow
rCold    . . .     Gourm    .   (shield currently unavailable)
rNeg     . . .     Faith    .   r - +0 ring mail
rPois    .         Spirit   .   (no helmet)
rElec    .         Reflect  .   l - +0 cloak
rCorr    .         Harm     .   g - +0 pair of gloves
MR       .....                  (no barding)
Stlth    +.........             (no amulet)
HPRegen  0.23/turn              b - ring of flight
MPRegen  0.14/turn              (no ring)

@: lethally poisoned (0 -> -16), very quick
A: large, hooves 3, deformed body, speed 2, tough skin 3
a: Heroism, Renounce Religion, Evoke Flight


You were on level 7 of the Dungeon.
You worshipped Okawaru.
Okawaru was pleased with you.
You were not hungry.

You visited 2 branches of the dungeon, and saw 9 of its levels.

You collected 288 gold pieces.

Inventory:

Hand Weapons
 a - a +0 trident
 w - a +0 shortbow (weapon)
Missiles
 e - 48 arrows (quivered)
 i - 107 stones
 y - 3 curare-tipped needles
Armour
 g - a +0 pair of gloves (worn)
 l - a +0 cloak (worn)
 r - a +0 ring mail (worn)
Jewellery
 b - a ring of flight (left hand)
Scrolls
 d - 6 scrolls of enchant weapon
 h - 3 scrolls of teleportation
 j - 4 scrolls of remove curse
 m - a scroll of blinking
 o - a scroll of fear {unknown}
 p - 3 scrolls of magic mapping
 s - a scroll of immolation {unknown}
 u - 2 scrolls of fog
 x - a scroll of enchant armour {unknown}
 z - a scroll of vulnerability {unknown}
 A - a scroll of random uselessness {unknown}
Comestibles
 c - 5 rations


   Skills:
 + Level 7.1 Fighting
 - Level 6.7 Polearms
 * Level 2.4 Bows
 + Level 1.1 Armour
 + Level 5.4 Dodging
 - Level 1.1 Stealth
 - Level 4.0 Spellcasting
 + Level 1.7 Invocations


You had 16 spell levels left.
You didn't know any spells.

Dungeon Overview and Level Annotations

Branches:
Dungeon (8/15)             Temple (1/1) D:7
   Lair: D:8-11

Altars:
Dithmenos
Elyvilon
Fedhas
Hepliaklqana
Okawaru
Qazlal
Ru
Uskayaw
Vehumet
Wu Jian
Xom
Yredelemnul
Zin
The Shining One

Shops:
D:6 %

Annotations:
D:7 1 runed door


Innate Abilities, Weirdness & Mutations

You have hooves in place of feet.
Armour fits poorly on your strangely shaped body.
You cover ground very quickly.
You have extremely tough skin. (AC +3)


Message History

You feel sick. The killer bee barely misses you. The killer bee stings you.
* * * LOW HITPOINT WARNING * * *
You are more poisoned.
The killer bee poisons you!
Firing (i - inventory. (/) - cycle)
e - 49 arrows (quivered)
Press: ? - help, Shift-Dir - straight line, f/p - killer bee
Aim: a killer bee (severely wounded)
You shoot an arrow. The arrow hits the killer bee.
You kill the killer bee!
Okawaru accepts your kill.
* * * LOW HITPOINT WARNING * * *
You feel sick.
You feel magically purged.
* * * LOW HITPOINT WARNING * * *
You feel sick.
You feel magically purged.
* * * LOW HITPOINT WARNING * * *
You feel sick.
You aren't carrying any potions.
You die...

##..)..$.y.........#
#.#.......###...#.##
#.##.......###...#.#
..
..............#.###
##.................#
#.....#.####..#.#.#
#####....##..(.....#
.#.. #.....⌠...# #
#.. ###.##..@...## #.
_. #..# ##⌠.>.⌠# ###
#####..# #.....#
#.._#_..#..## #..⌠..#
#...#...#.#.###.....#
....#.....##...######
. ####...###.## .
#..##..# #.# .
##.###.# #.#


There were no monsters in sight!

Vanquished Creatures
  Prince Ribbit (D:5)
  An orc warrior (D:5)
  3 sky beasts
  2 ice beasts
  2 black bears
  2 ogres
  2 phantoms
  The ghost of MatthieuS the Vexing, an amateur HuWn of Nemelex Xobeh (D:3)
  A centaur (D:7)
  A bullfrog (D:6)
  2 gnoll sergeants
  A scorpion (D:6)
  3 wights
  4 killer bees
  A howler monkey (D:6)
  A crimson imp (D:7)
  4 orc priests
  2 bullfrog skeletons
  6 orc wizards
  Jessica (D:2)
  An iguana (D:6)
  5 worker ants
  10 gnolls
  5 adders
  A river rat (D:5)
  An ooze (D:2)
  A worm (D:4)
  A dart slug (D:1)
  7 leopard geckos
  20 orcs
  4 giant cockroaches
  7 goblins
  14 hobgoblins
  8 jackals
  5 quokkas
  8 bats
  9 frilled lizards
  3 kobolds
  A quokka skeleton (D:6)
  A quokka zombie (D:6)
  8 rats
  A spectral orc (D:3)
162 creatures vanquished.

Vanquished Creatures (others)
  A frilled lizard (D:4)
1 creature vanquished.

Grand Total: 163 creatures vanquished

Notes
Turn   | Place    | Note
-------+----------+-------------------------------------------
     0 | D:1      | MatthieuS the Centaur Monk began the quest for the Orb.
     0 | D:1      | Reached XP level 1. HP: 19/19 MP: 1/1
    24 | D:1      | Reached XP level 2. HP: 20/26 MP: 2/2
   400 | D:1      | Reached XP level 3. HP: 25/31 MP: 3/3
   851 | D:2      | Noticed Jessica
   860 | D:2      | Killed Jessica
   860 | D:2      | Reached skill level 1 in Spellcasting
   860 | D:2      | Reached XP level 4. HP: 34/38 MP: 5/5
  1284 | D:3      | Noticed MatthieuS's ghost (amateur HuWn)
  1418 | D:3      | Killed MatthieuS's ghost
  1418 | D:3      | Reached XP level 5. HP: 16/46 MP: 5/7
  1825 | D:3      | Found a basalt altar of Yredelemnul.
  2105 | D:3      | Found an ornate altar of the Wu Jian Council.
  2183 | D:4      | Found a white marble altar of Elyvilon.
  2582 | D:4      | Reached XP level 6. HP: 43/52 MP: 8/8
  2800 | D:4      | Reached skill level 4 in Fighting
  3093 | D:4      | Found a radiant altar of Vehumet.
  3425 | D:4      | Reached skill level 5 in Polearms
  3579 | D:5      | Entered Level 5 of the Dungeon
  3637 | D:5      | Reached XP level 7. HP: 58/60 MP: 10/10
  3949 | D:5      | Noticed Prince Ribbit
  3963 | D:5      | Killed Prince Ribbit
  4032 | D:5      | Reached skill level 5 in Fighting
  4074 | D:5      | Reached XP level 8. HP: 26/68 MP: 12/12
  6248 | D:6      | Reached skill level 6 in Fighting
  6374 | D:6      | Found Durchaot's Food Shoppe.
  7305 | D:6      | Reached XP level 9. HP: 48/78 MP: 15/15
  7591 | D:7      | Reached skill level 5 in Dodging
  7684 | D:7      | Found a glowing silver altar of Zin.
  7685 | D:7      | Found a shadowy altar of Dithmenos.
  7685 | D:7      | Found a hazy altar of Hepliaklqana.
  7711 | D:7      | Found a staircase to the Ecumenical Temple.
  7736 | Temple   | Entered the Ecumenical Temple
  7759 | Temple   | Became a worshipper of Warmaster Okawaru
  7759 | Temple   | Reached * piety under Okawaru
  7759 | Temple   | Reached ** piety under Okawaru
  7919 | D:7      | Found a runed door.
  8208 | D:7      | Reached skill level 1 in Invocations
  8898 | D:8      | Reached skill level 7 in Fighting
  8898 | D:8      | Reached skill level 1 in Bows
  9273 | D:7      | Reached skill level 1 in Armour
  9889 | D:7      | HP: 3/79 [poisoned by a killer bee]
  9890 | D:7      | HP: 1/79 [poisoned by a killer bee]
  9891 | D:7      | Succumbed to a killer bee's poison

Vault maps used:
D:1:      saegor_arrival_simple_d
D:2:      uniq_jessica
D:3:      lemuel_crystal_altar, yredelemnul_forgotten_temple_becter,
          first_ration, hangedman_abyss_or_decor_stabs
D:4:      fiery_altar_vehumet, old_standard_altar, minmay_misc_feat_cross
D:5:      gup_sewer_entry_bowl, kennysheep_decorative_pillar, minivault_26,
          uniq_prince_ribbit1
D:6:      lightli_ossuary_entry_decrepit_ruins, serial_shops, shop
D:7:      nicolae_overflow_quartered_altars, temple_fountains,
          uniq_crazy_yiuf_cottage
D:8:      grunt_pizzeria, uniq_joseph
Temple:   compressed_dpeg_triangle_lava_temple

Skill      XL: |  1  2  3  4  5  6  7  8  9 |
---------------+----------------------------+-----
Polearms       | 3 4 5 6 |  6.7
Spellcasting   | 1 2 4 |  4.0
Fighting       | 4 5 6 7 |  7.1
Dodging        | 3 4 5 |  5.4
Invocations    | 1 |  1.7
Bows           | 2 |  2.4
Armour         | 1 |  1.1
Stealth        | |  1.1

Action                   |  1- 3 |  4- 6 |  7- 9 || total
-------------------------+-------+-------+-------++-------
Melee: Spear             |   105 |   208 |       ||   313
       Kick              |    16 |    39 |    68 ||   123
       Trident           |       |    42 |   427 ||   469
 Fire: Hunting sling     |       |    13 |    37 ||    50
       Shortbow          |       |       |    89 ||    89
Evoke: Wand              |       |       |     6 ||     6
  Use: Scroll            |       |       |    10 ||    10
       Potion            |       |       |    10 ||    10
 Stab: Sleeping          |     1 |     1 |     1 ||     3
       Distracted        |       |       |     1 ||     1
  Eat: Chunk             |       |     7 |     6 ||    13
       Ration            |       |       |     4 ||     4
Armor: Robe              |    21 |       |       ||    21
       Leather armour    |     1 |    44 |    60 ||   105
       Ring mail         |       |       |    66 ||    66
Dodge: Dodged            |    21 |    72 |   222 ||   315

Table legend:
 A = Spawn XP
 B = Non-spawn XP
 C = Spawn XP percentage of total XP
 D = Spawn monster count
 E = Non-spawn monster count
 F = Spawn count percentage of total count
 G = Total turns spent on level
                    A         B        C        D         E        F      G
               +---------+---------+-------+---------+---------+-------+---------
         Total |       0 |    4031 |   0.0 |       0 |     162 |   0.0 |  9891
               +---------+---------+-------+---------+---------+-------+---------
           D:1 |       0 |      53 |   0.0 |       0 |      31 |   0.0 |   661
           D:2 |       0 |      59 |   0.0 |       0 |      12 |   0.0 |   531
           D:3 |       0 |     162 |   0.0 |       0 |      18 |   0.0 |  1251
           D:4 |       0 |     411 |   0.0 |       0 |      24 |   0.0 |  1655
           D:5 |       0 |    1278 |   0.0 |       0 |      35 |   0.0 |  2186
           D:6 |       0 |     951 |   0.0 |       0 |      27 |   0.0 |  1590
           D:7 |       0 |     956 |   0.0 |       0 |      12 |   0.0 |  1904
           D:8 |       0 |     161 |   0.0 |       0 |       3 |   0.0 |    71
               +---------+---------+-------+---------+---------+-------+---------
